 Dungeon Crawl Stone Soup version 0.23.2-30-g0e89c35649 (webtiles) character file.

Game seed: 11307213417606566175

567 myga the Charmwright (level 7, 0/56 HPs)
             Began as a Gnoll Skald on June 8, 2019.
             Was a Follower of Uskayaw.
             Slain by a centaur (2 damage)
             ... on level 5 of the Dungeon.
             The game lasted 00:17:09 (4329 turns).

myga the Charmwright (Gnoll Skald)                  Turns: 4329, Time: 00:17:09

Health: 0/56       AC:  6    Str: 12    XL:     7   Next: 33%
Magic:  15/15      EV: 14    Int: 15    God:    Uskayaw [*.....]
Gold:   171        SH:  0    Dex: 15    Spells: 6/17 levels left

rFire    . . .     SeeInvis .   q - +0 scythe
rCold    . . .     Gourm    .   (shield currently unavailable)
rNeg     . . .     Faith    .   b - +0 leather armour
rPois    .         Spirit   .   (no helmet)
rElec    .         Reflect  .   (no cloak)
rCorr    .         Harm     .   (no gloves)
MR       .....                  a - +2 pair of boots
Stlth    ++........             (no amulet)
HPRegen  0.18/turn              s - -3 ring of strength (curse)
MPRegen  0.14/turn              (no ring)

@: no status effects
A: distributed training, fangs 1, strong nose
a: Stomp, Renounce Religion


You were on level 5 of the Dungeon.
You worshipped Uskayaw.
Uskayaw was noncommittal.
You were not hungry.

You visited 1 branch of the dungeon, and saw 5 of its levels.

You collected 171 gold pieces.

Inventory:

Hand Weapons
 q - a +0 scythe (weapon)
Missiles
 f - 213 stones (quivered)
 g - 4 tomahawks of dispersal
 r - 2 javelins of penetration
Armour
 a - a +2 pair of boots (worn)
 b - a +0 leather armour (worn)
Jewellery
 s - a cursed -3 ring of strength (left hand)
Wands
 i - a wand of polymorph (7)
 m - a wand of scattershot (6)
Scrolls
 h - 2 scrolls of enchant armour
 j - 3 scrolls of teleportation
 l - 2 scrolls of amnesia
 n - a scroll of fear
 t - a scroll of enchant weapon
Potions
 c - 2 potions of brilliance
 k - 2 potions of flight
 o - a potion of cancellation
Comestibles
 d - 9 rations


   Skills:
 + Level 5.2 Fighting
 + Level 2.3 Short Blades
 + Level 2.3 Long Blades
 + Level 2.3 Axes
 + Level 2.3 Maces & Flails
 + Level 5.2 Polearms
 + Level 2.3 Staves
 + Level 2.3 Slings
 + Level 2.3 Bows
 + Level 2.3 Crossbows
 + Level 2.3 Throwing
 + Level 3.5 Armour
 + Level 5.2 Dodging
 + Level 2.3 Stealth
 + Level 2.3 Shields
 + Level 2.3 Unarmed Combat
 + Level 5.5 Spellcasting
 + Level 1.9 Conjurations
 + Level 1.9 Hexes
 + Level 5.8 Charms
 + Level 1.9 Summonings
 + Level 1.9 Necromancy
 + Level 1.9 Translocations
 + Level 1.9 Transmutations
 + Level 1.9 Fire Magic
 + Level 1.9 Ice Magic
 + Level 1.9 Air Magic
 + Level 1.9 Earth Magic
 + Level 1.9 Poison Magic
 + Level 2.6 Invocations
 + Level 2.3 Evocations


You had 6 spell levels left.
You knew the following spells:

 Your Spells              Type           Power        Failure   Level  Hunger
a - Infusion              Chrm           ###.         1%          1    None
b - Shroud of Golubria    Chrm/Tloc      ###.......   6%          2    #......
c - Song of Slaying       Chrm           ###.....     2%          2    #......
d - Spectral Weapon       Hex/Chrm       ###.....     12%         3    ###....
e - Regeneration          Chrm/Necr      ###.......   12%         3    ###....

Your spell library contained the following spells:

 Spells                   Type           Power        Failure   Level  Hunger


Dungeon Overview and Level Annotations

Branches:
Dungeon (5/15)
 Temple: D:4-7

Altars:
Gozag
Nemelex Xobeh
Uskayaw


Innate Abilities, Weirdness & Mutations

Your experience applies equally to all skills.
You have very sharp teeth.
Your uncanny sense of smell can sniff out nearby items.


Message History

Evoke which item? (* to show all) (? for menu, Esc to quit)
Okay, then.
Evoke which item? (* to show all) (? for menu, Esc to quit)
Okay, then.
Fire/throw which item? (* to show all) (? for menu, Esc to quit)
Throwing (i - inventory. (/) - cycle)
f - 213 stones (quivered)
Press: ? - help, Shift-Dir - straight line, f - centaur
Aim: a centaur, wielding a +0 shortbow You throw a tomahawk of dispersal.
The centaur unwields a +0 shortbow.
The centaur misses you.
Fire/throw which item? (* to show all) (? for menu, Esc to quit)
Throwing (i - inventory. (/) - cycle)
f - 213 stones (quivered)
Press: ? - help, Shift-Dir - straight line, f/p - centaur
Aim: a centaur You throw a tomahawk of dispersal.
You feel less confused. The centaur hits you.
* * * LOW HITPOINT WARNING * * *
The centaur hits you.
You die...

...#### .... ..
....#... ...####..
........ .........
#.....# #........
.##.....## #........
........(###(.......
#.......##(.....#
..##......)@c...#
.......<#..##...##
.#......##)#.....#
###..#.......#.##
#...#.......#.# ##.
#.........#
...............#
##..#..........)(
.......###.....#.


You could see a centaur.

Vanquished Creatures
  Sigmund (D:2)
  2 bullfrog skeletons (D:4)
  2 orc priests
  Natasha (thrice) (D:2)
  2 orc wizards
  A hound skeleton (D:4)
  4 adders
  An adder skeleton (D:4)
  3 dart slugs
  2 leopard geckos (D:3)
  8 orcs
  3 ball pythons
  8 giant cockroaches
  10 goblins
  8 hobgoblins
  2 jackals (D:1)
  9 kobolds
  A quokka (D:2)
  15 bats
  4 frilled lizards
  6 rats
95 creatures vanquished.

Vanquished Creatures (others)
  An orc wizard (D:5)
1 creature vanquished.

Grand Total: 96 creatures vanquished

Notes
Turn   | Place    | Note
-------+----------+-------------------------------------------
     0 | D:1      | myga the Gnoll Skald began the quest for the Orb.
     0 | D:1      | Reached XP level 1. HP: 20/20 MP: 6/6
   110 | D:1      | Reached XP level 2. HP: 14/26 MP: 7/7
   527 | D:1      | Reached XP level 3. HP: 31/31 MP: 9/9
   535 | D:1      | Reached skill level 5 in Spellcasting
   922 | D:1      | Learned a level 2 spell: Shroud of Golubria
   925 | D:1      | Learned a level 2 spell: Song of Slaying
   929 | D:1      | Learned a level 3 spell: Spectral Weapon
   933 | D:1      | Learned a level 3 spell: Regeneration
  1071 | D:2      | Reached skill level 1 in Invocations
  1080 | D:2      | You fall through a shaft!
  1090 | D:3      | Reached skill level 1 in Short Blades
  1090 | D:3      | Reached skill level 1 in Long Blades
  1090 | D:3      | Reached skill level 1 in Axes
  1090 | D:3      | Reached skill level 1 in Maces & Flails
  1090 | D:3      | Reached skill level 1 in Staves
  1090 | D:3      | Reached skill level 1 in Slings
  1090 | D:3      | Reached skill level 1 in Bows
  1090 | D:3      | Reached skill level 1 in Crossbows
  1090 | D:3      | Reached skill level 1 in Throwing
  1090 | D:3      | Reached skill level 1 in Stealth
  1090 | D:3      | Reached skill level 1 in Shields
  1090 | D:3      | Reached skill level 1 in Unarmed Combat
  1090 | D:3      | Reached skill level 1 in Evocations
  1090 | D:3      | Reached XP level 4. HP: 22/38 MP: 8/11
  1395 | D:3      | Reached skill level 1 in Conjurations
  1395 | D:3      | Reached skill level 1 in Hexes
  1395 | D:3      | Reached skill level 1 in Summonings
  1395 | D:3      | Reached skill level 1 in Necromancy
  1395 | D:3      | Reached skill level 1 in Translocations
  1395 | D:3      | Reached skill level 1 in Transmutations
  1395 | D:3      | Reached skill level 1 in Fire Magic
  1395 | D:3      | Reached skill level 1 in Ice Magic
  1395 | D:3      | Reached skill level 1 in Air Magic
  1395 | D:3      | Reached skill level 1 in Earth Magic
  1395 | D:3      | Reached skill level 1 in Poison Magic
  2218 | D:2      | Noticed Sigmund
  2250 | D:2      | Reached XP level 5. HP: 19/43 MP: 7/12
  2258 | D:2      | Killed Sigmund
  2258 | D:2      | Reached XP level 6. HP: 9/50 MP: 6/13
  2588 | D:2      | Noticed Natasha
  2594 | D:2      | Killed Natasha
  2640 | D:2      | Noticed Natasha
  2651 | D:2      | Killed Natasha
  2651 | D:2      | Reached skill level 5 in Fighting
  2651 | D:2      | Reached skill level 5 in Polearms
  2651 | D:2      | Reached skill level 5 in Dodging
  2890 | D:2      | Noticed Natasha
  2897 | D:2      | Killed Natasha
  3049 | D:3      | Found a hide-covered altar of Uskayaw.
  3049 | D:3      | Noticed a +0 hand axe
  3049 | D:3      | Noticed a +0 hand axe
  3276 | D:3      | Became a worshipper of Uskayaw the Reveler
  3429 | D:3      | Reached * piety under Uskayaw
  3594 | D:4      | Reached XP level 7. HP: 48/56 MP: 11/15
  3658 | D:4      | Reached ** piety under Uskayaw
  4059 | D:4      | Found a sparkling altar of Nemelex Xobeh.
  4059 | D:4      | Found an opulent altar of Gozag.
  4288 | D:5      | Entered Level 5 of the Dungeon
  4327 | D:5      | HP: 2/56 [centaur/arrow (10)]
  4329 | D:5      | Slain by a centaur

Skill      XL: |  1  2  3  4  5  6 |
---------------+-------------------+-----
Spellcasting   | 5 |  5.5
Invocations    | 1 2 |  2.6
Short Blades   | 1 2 |  2.3
Long Blades    | 1 2 |  2.3
Axes           | 1 2 |  2.3
Maces & Flails | 1 2 |  2.3
Staves         | 1 2 |  2.3
Slings         | 1 2 |  2.3
Bows           | 1 2 |  2.3
Crossbows      | 1 2 |  2.3
Throwing       | 1 2 |  2.3
Stealth        | 1 2 |  2.3
Shields        | 1 2 |  2.3
Unarmed Combat | 1 2 |  2.3
Evocations     | 1 2 |  2.3
Conjurations   | 1 |  1.9
Hexes          | 1 |  1.9
Summonings     | 1 |  1.9
Necromancy     | 1 |  1.9
Translocations | 1 |  1.9
Transmutations | 1 |  1.9
Fire Magic     | 1 |  1.9
Ice Magic      | 1 |  1.9
Air Magic      | 1 |  1.9
Earth Magic    | 1 |  1.9
Poison Magic   | 1 |  1.9
Armour         | 3 |  3.5
Fighting       | 5 |  5.2
Polearms       | 5 |  5.2
Dodging        | 5 |  5.2
Charms         | |  5.8

Action                   |  1- 3 |  4- 6 |  7- 9 || total
-------------------------+-------+-------+-------++-------
Melee: Spear             |   136 |   105 |       ||   241
       Bite              |     6 |    12 |     3 ||    21
       Scythe            |       |    69 |    39 ||   108
Throw: Stone             |    19 |    16 |     1 ||    36
       Tomahawk          |       |       |     2 ||     2
       Javelin           |       |       |     1 ||     1
 Cast: Shroud of Golubri |     1 |     3 |       ||     4
       Infusion          |       |     7 |     1 ||     8
       Spectral Weapon   |       |     1 |       ||     1
       Regeneration      |       |       |     1 ||     1
  Use: Scroll            |     2 |     5 |     1 ||     8
       Potion            |       |     2 |     1 ||     3
 Stab: Sleeping          |     4 |       |     1 ||     5
  Eat: Chunk             |       |     9 |     3 ||    12
Armor: Leather armour    |    21 |    45 |    23 ||    89
Dodge: Dodged            |    91 |   153 |    48 ||   292
